 Dungeon Crawl Stone Soup version 0.25-a0-341-g6f074c8 (webtiles) character file.

Game seed: 12966421195174495298, levelgen mode: deterministic

30 Durzo the Cudgeler (level 3, 31/31 HPs)
             Began as a Minotaur Fighter on Dec 31, 2019.
             Got out of the dungeon alive.
             The game lasted 00:01:31 (812 turns).

Durzo the Cudgeler (Minotaur Fighter)                Turns: 812, Time: 00:01:32

Health: 31/31      AC:  6    Str: 21    XL:     3   Next: 5%
Magic:  2/2        EV:  7    Int:  5    God:
Gold:   19         SH:  9    Dex:  9    Spells: 2/2 levels left

rFire    . . .     SeeInvis .   a - +0 flail
rCold    . . .     Gourm    .   c - +0 shield
rNeg     . . .     Faith    .   b - +0 scale mail
rPois    .         Spirit   .   (helmet restricted)
rElec    .         Reflect  .   (no cloak)
rCorr    .         Harm     .   (no gloves)
MR       .....                  (no boots)
Stlth    ..........             (no amulet)
HPRegen  0.10/turn              (no ring)
MPRegen  0.08/turn              (no ring)

@: no status effects
A: retaliatory headbutt, horns 2
a: no special abilities


You escaped.
You were not hungry.

You visited 1 branch of the dungeon, and saw 1 of its levels.

You collected 19 gold pieces.

Inventory:

Hand Weapons
 a - a +0 flail (weapon)
Armour
 b - a +0 scale mail (worn)
 c - a +0 shield (worn)
Scrolls
 e - 3 scrolls of identify {unknown}
 g - a scroll of enchant weapon {unknown}
 h - a scroll of amnesia {unknown}
 i - a scroll of remove curse {unknown}
 k - a scroll of immolation {unknown}
Potions
 d - 2 potions of might
 j - a potion of curing {unknown}
Comestibles
 f - 2 rations


   Skills:
 - Level 3.6 Fighting
 + Level 4.3 Maces & Flails
 - Level 3.6 Armour
 - Level 3.6 Shields


You had 2 spell levels left.
You didn't know any spells.
Your spell library was empty.

Dungeon Overview and Level Annotations

Branches:
Dungeon (1/15)

Altars:
Nemelex Xobeh


Innate Abilities, Weirdness & Mutations

You reflexively headbutt those who attack you in melee.
You have a pair of horns on your head.


Message History

d - 2 potions of might (gained 1)
There is a stone staircase leading down here.
There is a stone staircase leading down here.
Done exploring.
Done exploring.
Done exploring.
No target in view!
No target in view!
No target in view!
No target in view!
Autopickup is now off.
Autopickup is now on.
Unknown command.
Unknown command.
You see here 21 sling bullets.
There is a staircase leading out of the dungeon here.
Are you sure you want to leave the Dungeon?
This will make you lose the game!
Alright, then stay!
Are you sure you want to leave the Dungeon?
This will make you lose the game!
You have escaped!

#.......#.#...#
#.####.##.###.# #.# #>...#
#.# #.# ###### #.#
##########.###########.######
#....................(.......
#.##########.#########.######
#.##.................#.....##
#.##........@........#####.##
#[...###############...# #.#
#....# ##.......## #...# #.#
#....###.........###...###.##
#....##..........†##†........
#..†#.†.....(.....†.#...#####
##...##..........†##....#
#...###.........###....#
#...# ##.......## #....#


There were no monsters in sight!

Vanquished Creatures
  2 dart slugs (D:1)
  3 bats (D:1)
  2 giant cockroaches (D:1)
  2 goblins (D:1)
  3 hobgoblins (D:1)
  2 frilled lizards (D:1)
  A kobold (D:1)
  14 rats (D:1)
29 creatures vanquished.

Notes
Turn   | Place    | Note
-------+----------+-------------------------------------------
     0 | D:1      | Durzo the Minotaur Fighter began the quest for the Orb.
     0 | D:1      | Reached XP level 1. HP: 19/19 MP: 0/0
    56 | D:1      | Reached skill level 3 in Maces & Flails
    79 | D:1      | Reached XP level 2. HP: 12/26 MP: 1/1
   422 | D:1      | Reached skill level 4 in Maces & Flails
   456 | D:1      | Found a sparkling altar of Nemelex Xobeh.
   641 | D:1      | Reached XP level 3. HP: 31/31 MP: 2/2
   812 | D:$      | Got out of the dungeon alive.

Levels and vault maps discovered:
D:1:      erik_arrival_orb_chamber, layout_basic, nemelex_diamond_rough_becter

Skill      XL: |  1  2 |
---------------+-------+-----
Maces & Flails | 3 4 |  4.3
Fighting       | |  3.6
Armour         | |  3.6
Shields        | |  3.6

Action                   || total
-------------------------++-------
Melee: Flail             ||    53
       Headbutt          ||     6
Armor: Scale mail        ||    24
Dodge: Dodged            ||    20
Block: Shield            ||    25

Table legend:
 A = Non-vault XP
 B = Vault XP
 C = Vault XP percentage of total XP
 D = Non-vault monster count
 E = Vault monster count
 F = Vault count percentage of total count
                 A         B        C        D         E       F
            +---------+---------+-------+---------+---------+-------
      Total |      32 |      12 |  27.3 |      17 |      12 |  41.4
            +---------+---------+-------+---------+---------+-------
        D:1 |      32 |      12 |  27.3 |      17 |      12 |  41.4
            +---------+---------+-------+---------+---------+-------
